 Dungeon Crawl Stone Soup version 0.30-a0-672-gc3a7216ad8 (console) character file.

Game seed: 16161866920740541024

31 petzl the Sneak (level 3, -1/29 HPs)
             Began as a Formicid Delver on Jan 18, 2023.
             Slain by a wraith (5 damage)
             ... on level 13 of the Dungeon.
             The game lasted 00:05:11 (791 turns).

petzl the Sneak (Formicid Delver)                    Turns: 791, Time: 00:05:11

Health: -1/29      AC:  3    Str: 16    XL:     3   Next: 40%
Magic:  7/7        EV: 12    Int: 11    God:
Gold:   119        SH:  0    Dex: 15    Spells: 7/7 levels left

rFire   . . .      SeeInvis +    a - +0 mace
rCold   . . .      Faith    .    (no shield)
rNeg    . . .      Spirit   .    b - +0 leather armour
rPois   .          Reflect  .    (helmet unavailable)
rElec   .          Harm     .    (no cloak)
rCorr   .          Rampage  .    (no gloves)
Will    .....                    (no boots)
Stlth   +++                      (no amulet)
HPRegen 0.24/turn                (no ring)
MPRegen 0.10/turn                (no ring)

@: no status effects
A: permanent stasis, dig shafts and tunnels, antennae 3, four strong arms
a: Dig, Shaft Self


You were on level 13 of the Dungeon.
You visited 2 branches of the dungeon, and saw 10 of its levels.

You collected 119 gold pieces.

Inventory:

Hand Weapons
 a - a +0 mace (weapon)
Missiles
 h - 17 stones
Armour
 b - a +0 leather armour (worn)
Wands
 g - a wand of digging (3)
 k - a wand of flame (9)
Scrolls
 c - 3 scrolls of fog
 d - a scroll of magic mapping
 e - a scroll of fear
 j - a scroll of identify {unknown}
Potions
 f - a potion of haste
 i - a potion of heal wounds {unknown}


   Skills:
 - Level 3.2 Fighting
 - Level 2.0 Maces & Flails
 - Level 1.7 Dodging
 - Level 6.0 Stealth
 + Level 2.8 Spellcasting


You had 7 spell levels left.
You didn't know any spells.
Your spell library contained the following spells:

 Spells                   Type           Power      Damage    Failure   Level
 Slow                     Hex            4%         N/A       32%         1
 Confusing Touch          Hex            1%         N/A       69%         3
 Inner Flame              Hex/Fire       1%         N/A       69%         3
 Vampiric Draining        Necr           1%         2d6       69%         3
 Cause Fear               Hex            0%         N/A       97%         4
 Discord                  Hex            0%         N/A       100%        8


Dungeon Overview and Level Annotations

Branches:
Dungeon (13/15)              Lair (1/5) D:9
 Temple: D:4-7          Orc: D:9-12      Vaults: D:13-14

Altars:
Sif Muna

Shops:
D:12 (

Annotations:
D:6 Eustachio
D:9 exclusion: upstairs
D:10 exclusion: 2 upstairs
D:11 exclusion: downstairs
D:12 exclusion: downstairs


Innate Abilities, Weirdness & Mutations

You cannot be hasted, slowed, berserked, paralysed or teleported.
You can dig through walls and to a lower floor.
You have a pair of large antennae on your head. (SInv)
Your four strong arms can wield two-handed weapons with a shield.


Message History

A basilisk comes into view.
There is a stone staircase leading up here.
You climb upwards.
Found a lead wand.
There is a stone staircase leading down here.
Press: ? - help, v - describe, . - travel A stone staircase leading down.
Placed new exclusion.
Reduced exclusion size to a single square.
Unknown command.
A wraith comes into view.
Found an escape hatch in the floor.
You see here a wand of flame (9).
k - a wand of flame (9)
The wraith attacks as you move away! The wraith hits you but does no damage.
Found Biutaom's Antique Weapon Shop.
The wraith barely misses you.
An orc wizard comes into view. It is wielding a +0 dagger.
The wraith misses you. The wraith attacks as you move away!
The wraith hits you! The wraith attacks as you move away! The wraith hits you!
The wraith drains your vigour!
Your stasis prevents you from being slowed.
Found a stone staircase leading down.
A slime creature comes into view.
Found an encrusted diamond ring.
The slime creature quivers. 3 slime creatures come into view.
The wraith attacks as you move away! The wraith closely misses you.
A two-headed ogre comes into view.
It is wielding a +0 giant club and a +0 giant spiked club.
The slime creature quivers.
There is an escape hatch in the floor here.
The slime creature quivers.
The wraith hits you!
* * * LOW HITPOINT WARNING * * *
The wraith drains your vigour!
Your stasis prevents you from being slowed.
You slide downwards.
The hatch slams shut behind you. The wraith attacks as you move away!
The wraith hits you.
You die...

#... #...
#... #..#
#..# #..#
######..#
.......@#
######.W#
#..# #..#
#..# ####
### ...
... ...
... ...
... ...
###


You could see a wraith.

Vanquished Creatures
  A jelly (D:5)
  An orc (D:5)
2 creatures vanquished.

Notes
Turn   | Place    | Note
-------+----------+-------------------------------------------
     0 | D:5      | petzl the Formicid Delver began the quest for the Orb.
     0 | D:5      | Reached XP level 1. HP: 18/18 MP: 1/1
     9 | D:5      | Found a shimmering blue altar of Sif Muna.
    48 | D:5      | Noticed a jelly
    51 | D:5      | Killed a jelly
    52 | D:5      | Reached XP level 2. HP: 20/24 MP: 1/5
    52 | D:5      | Reached XP level 3. HP: 24/29 MP: 1/7
   222 | D:6      | Noticed Eustachio
   261 | D:8      | Noticed a wight
   261 | D:8      | Noticed a wight
   261 | D:8      | Noticed a wight
   261 | D:8      | Noticed a wight
   272 | D:10     | Entered Level 10 of the Dungeon
   275 | D:10     | Noticed a wyvern
   275 | D:10     | Noticed a two-headed ogre
   343 | D:10     | Noticed a kobold brigand
   421 | D:9      | Found a staircase to the Lair.
   430 | Lair:1   | Entered Level 1 of the Lair of Beasts
   455 | Lair:1   | Noticed a blink frog
   456 | Lair:1   | Noticed a blink frog
   476 | D:9      | Noticed a kobold brigand
   527 | D:8      | Noticed a wight
   528 | D:8      | Noticed a wight
   529 | D:8      | Noticed a wight
   550 | D:9      | Noticed an orc warrior
   576 | D:9      | Noticed an orc warrior
   582 | D:9      | You fall into a shaft and drop 2 floors!
   657 | D:12     | Noticed a cyclops
   657 | D:12     | Noticed a two-headed ogre
   705 | D:10     | You fall into a shaft and drop 3 floors!
   763 | D:13     | Noticed a basilisk
   767 | D:12     | Noticed a wraith
   775 | D:12     | Found Biutaom's Antique Weapon Shop.
   786 | D:12     | Noticed a slime creature
   787 | D:12     | Noticed a slime creature
   787 | D:12     | Noticed a slime creature
   787 | D:12     | Noticed a slime creature
   788 | D:12     | Noticed a two-headed ogre
   791 | D:13     | Slain by a wraith

Illustrated notes

Levels and vault maps discovered:
D:5:      layout_cave_pools, kennysheep_mini_moat, okawaru_ov_weapons_minmay,
          hangedman_decor_opposing
D:6:      layout_basic, columned_hall_lemuel, minmay_fountain_box,
          uniq_menkaure, uniq_edmund, uniq_eustachio, uniq_maggie
D:7:      layout_loops_ring, hangedman_glass_teeth
D:8:      layout_gridville, chequers_serial_rivers_large_a, patterned_corridor
D:9:      layout_loops_ring, kennysheep_little_box, lair_entry_dummy,
          serial_shops, nicolae_shop_hallway_plus
D:10:     layout_roguey, hangedman_tell_no_tales
D:11:     layout_small_grid, erik_orc_2
D:12:     layout_rooms, serial_shops, shop, uniq_jorgrun
D:13:     layout_small_grid, grunt_ministairs_3, uniq_urug
Lair:1:   layout_gridlike, gammafunk_ghost_arena

Skill      XL: |  1 |
---------------+----+-----
Spellcasting   | 2 |  2.8
Fighting       | |  3.2
Maces & Flails | |  2.0
Dodging        | |  1.7
Stealth        | |  6.0

Action                   || total
-------------------------++-------
Melee: Mace              ||     5
 Abil: Shaft Self        ||     2
 Stab: Sleeping          ||     1
Armor: Leather armour    ||     3
Dodge: Dodged            ||    12

Table legend: (Time is in decaauts)
 A = Elapsed time spent in this place.
 B = Non-inter-level travel time spent in this place.
 C = Inter-level travel time spent in this place.
 D = Time resting spent in this place.
 E = Time spent auto-exploring this place.
 F = Levels seen in this place.
 G = Mean time per level.
                   A        B        C        D        E       F      G
               +--------+--------+--------+--------+--------+-----+--------+
         Total |    791 |    791 |      0 |    160 |     80 |  10 |   79.1 |
       Dungeon |    756 |    756 |      0 |    160 |     80 |   9 |   84.0 |
          Lair |     35 |     35 |      0 |      0 |      0 |   1 |   35.0 |
               +--------+--------+--------+--------+--------+-----+--------+

Top non-repeatable levels by time:
    D:10: 153 daAuts
     D:5: 140 daAuts
     D:9: 112 daAuts
     D:6: 105 daAuts
    D:11: 86 daAuts
    D:13: 61 daAuts
     D:8: 55 daAuts
  Lair:1: 35 daAuts
    D:12: 25 daAuts
     D:7: 14 daAuts
